 Dungeon Crawl Stone Soup version 0.20.1-1-g8b1a95d (webtiles) character file.

82 Arsonius the Ducker (level 4, -6/27 HPs)
             Began as a Deep Elf Monk on Sept 21, 2017.
             Killed from afar by an orc wizard (12 damage)
             ... with a magic dart
             ... on level 3 of the Dungeon on Sept 22, 2017.
             The game lasted 00:14:13 (1752 turns).

Arsonius the Ducker (Deep Elf Monk)                 Turns: 1752, Time: 00:14:13

Health: -6/27      AC:  3    Str:  9    XL:     4   Next: 21%
Magic:  6/6        EV: 13    Int: 15    God:
Gold:   135        SH:  5    Dex: 17    Spells: 3/3 levels left

rFire    . . .     SeeInvis .   d - +0 short sword
rCold    . . .     Gourm    .   n - +1 buckler
rNeg     . . .     Faith    .   l - +0 leather armour
rPois    .         Spirit   .   (no helmet)
rElec    .         Reflect  .   (no cloak)
rCorr    .         Harm     .   (no gloves)
MR       .....                  (no boots)
Stlth    ++........             (no amulet)
Regen    0.1/turn               (no ring)
MPRegen  0.1/turn               (no ring)

@: no status effects
A: no striking features
a: no special abilities


You were on level 3 of the Dungeon.
You were not hungry.

You visited 1 branch of the dungeon, and saw 3 of its levels.

You collected 135 gold pieces.

Inventory:

Hand Weapons
 d - a +0 short sword (weapon)
 t - a +0 mace
 v - a cursed -3 hand axe
 w - a +0 whip
 y - a +0 hunting sling
Missiles
 e - 12 arrows
 g - 67 stones (quivered)
 i - 29 poisoned needles
 p - 63 sling bullets
 B - 6 needles of sleeping
Armour
 b - a +0 robe
 l - a +0 leather armour (worn)
 n - a +1 buckler (worn)
 o - a +0 robe
 s - a +0 plate armour
 A - a +0 chain mail
Scrolls
 h - 2 scrolls of enchant armour
 u - a scroll of blinking {unknown}
 x - a scroll of recharging
 C - a scroll of remove curse
Potions
 j - a potion of agility
 k - 2 potions of curing
 m - a potion of magic
 r - 2 potions of mutation
 z - a potion of heal wounds {unknown}
Comestibles
 c - 2 bread rations
 f - a meat ration
 q - a fruit


   Skills:
 + Level 2.9 Fighting
 + Level 3.6 Short Blades
 + Level 0.1 Armour
 + Level 4.5 Dodging
 + Level 2.8 Stealth
 + Level 0.4 Shields


You had 3 spell levels left.
You didn't know any spells.

Dungeon Overview and Level Annotations

Branches:
Dungeon (3/15)

Altars:
Sif Muna
The Shining One


Message History

The orc wizard hits you but does no damage.
The orc wizard closely misses you.
You hit the orc wizard but do no damage.
The orc wizard is moderately wounded.
The orc barely misses you. The orc wizard completely misses you.
You hit the orc wizard.
The orc wizard is heavily wounded.
You block the orc wizard's attack. The orc closely misses you.
You barely miss the orc wizard.
The orc wizard is heavily wounded.
The orc wizard barely misses you. The orc wizard casts a spell at you.
The puff of flame hits you!
* * * LOW HITPOINT WARNING * * *
The orc hits you but does no damage.
You barely miss the orc wizard.
The orc wizard is heavily wounded.
The orc wizard points at you and mumbles some strange words.
The magic dart hits you!
You die...

..#
###..#
#.<..#
#.##.#
#.# # #.#
#.# #.#
#@#
#oooo$...
####K....
.... ...
.. #


You could see an orc wizard, 3 orcs and a kobold.

Vanquished Creatures
  An orc priest (D:3)
  2 adders (D:2)
  A dart slug (D:2)
  A leopard gecko (D:2)
  3 bats
  2 giant cockroaches (D:2)
  A goblin (D:2)
  7 hobgoblins
  4 jackals (D:2)
  A quokka (D:2)
  2 frilled lizards
  4 kobolds
  2 rats (D:1)
31 creatures vanquished.

Notes
Turn   | Place    | Note
-------+----------+-------------------------------------------
     0 | D:1      | Arsonius the Deep Elf Monk began the quest for the Orb.
     0 | D:1      | Reached XP level 1. HP: 13/13 MP: 3/3
   396 | D:1      | Reached XP level 2. HP: 12/18 MP: 4/4
   617 | D:1      | Reached skill level 4 in Dodging
   758 | D:2      | Found a deep blue altar of Sif Muna.
   907 | D:2      | Found a glowing golden altar of the Shining One.
   971 | D:2      | Reached XP level 3. HP: 16/22 MP: 5/5
  1740 | D:3      | Reached XP level 4. HP: 13/27 MP: 6/6
  1752 | D:3      | Killed from afar by an orc wizard

Skill      XL: |  1  2 |
---------------+-------+-----
Dodging        | 4 |  4.5
Fighting       | |  2.9
Short Blades   | |  3.6
Armour         | |  0.1
Stealth        | |  2.8
Shields        | |  0.4

Action                   |  1- 3 |  4- 6 || total
-------------------------+-------+-------++-------
Melee: Short sword       |   134 |    12 ||   146
  Use: Scroll            |    10 |       ||    10
 Stab: Sleeping          |     4 |       ||     4
  Eat: Chunk             |     3 |       ||     3
Armor: Robe              |     9 |       ||     9
       Leather armour    |     6 |     4 ||    10
Dodge: Dodged            |    79 |    14 ||    93
Block: Buckler           |    22 |     3 ||    25
